Map: Ice and Chrome LE

Players

RyuKey - Winner!

  • Race: Terran Terran
  • League: Diamond
  • Spawn Location: 1:00

Seventh

  • Race: Protoss Protoss
  • League: Diamond
  • Spawn Location: 7:00

VOD

Have the link to the VOD?

Description

Time

  • Played on: June 21, 2020, 6:50 p.m.
  • Length: 13:21
Show
View Real Time Build Order
Export as new Build Order

RyuKey Terran - Winner!

Build Orders: Gas First Reaper Expand, Mech, Banshee Rush 

Get SALT Encoding   

  12  0:00  SCV  
  13  0:12  SCV  
  14  0:17  Supply Depot  
  14  0:25  SCV  
  15  0:29  Refinery  
  15  0:38  SCV  
  16  0:44  Barracks  
  16  0:50  SCV  
  17  1:02  SCV  
  18  1:15  SCV  
  19  1:31  Orbital Command  
  19  1:32  Reaper  
  20  1:52  Command Center  
  20  1:56  SCV  
  21  2:04  Supply Depot  
  22  2:08  SCV  
  22  2:12  Factory  
  22  2:15  Barracks Reactor  
  22  2:18  Refinery  
  22  2:20  SCV  
  23  2:32  SCV  
  24  2:44  SCV  
  25  2:56  SCV  
  26  3:00  Starport  
  26  3:04  Orbital Command, Barracks Tech Lab  
  26  3:09  SCV  
  27  3:14  Hellion  
  27  3:15  Hellion  
  31  3:21  SCV  
  32  3:29  Supply Depot  
  32  3:33  SCV  
  32  3:36  Hellion x2  
  36  3:44  SCV  
  37  3:50  Cloaking Field  
  37  3:51  Banshee  
  37  3:52  Supply Depot  
  40  3:56  SCV  
  41  4:03  Marine x2  
  41  4:05  SCV, Factory Reactor  
  41  4:08  SCV  
  45  4:18  SCV, Command Center  
  45  4:20  SCV  
  45  4:22  Marine x2  
  49  4:30  SCV  
  50  4:37  SCV  
  51  4:40  Marine  
  51  4:42  Refinery, SCV  
  51  4:44  Refinery  
  53  4:46  Armory  
  53  4:49  Armory, SCV  
  54  4:58  SCV  
  55  5:00  Banshee  
  55  5:01  SCV  
  61  5:10  SCV  
  61  5:12  Marine x2  
  62  5:18  Factory Tech Lab  
  62  5:21  Supply Depot  
  62  5:22  Supply Depot  
  62  5:29  SCV x2  
  62  5:32  Orbital Command  
  62  5:34  Hyperflight Rotors  
  60  5:41  Marine x2, SCV  
  60  5:42  Siege Tank  
  66  5:45  SCV  
  67  5:52  Bunker  
  67  5:54  SCV  
  68  5:57  SCV  
  66  6:06  SCV  
  66  6:07  Banshee  
  66  6:09  Marine x2, Orbital Command  
  73  6:14  Siege Tank  
  73  6:15  SCV  
  73  6:17  Terran Vehicle Weapons Level 1  
  76  6:18  Engineering Bay  
  76  6:20  Supply Depot  
  76  6:28  SCV x2  
  78  6:33  Factory  
  78  6:39  SCV  
  79  6:40  Factory, SCV  
  79  6:43  Supply Depot  
  80  6:49  SCV  
  80  6:50  Marine x2, Siege Tank  
  86  6:57  SCV  
  86  6:59  Banshee  
  90  7:08  Marine x2  
  92  7:30  Siege Tank  
  92  7:31  Hellion x2  
  92  7:34  Factory Tech Lab  
  92  7:37  Supply Depot, Terran Vehicle And Ship Armor Level 1  
  99  7:38  SCV x3  
  99  7:43  Banshee  
  105  7:56  SCV  
  106  8:00  Refinery  
  106  8:02  Siege Tank  
  106  8:03  SCV x2  
  106  8:04  Factory  
  106  8:05  Refinery, Command Center, Hellion x3  
  117  8:14  Supply Depot  
  117  8:19  Command Center  
  117  8:36  SCV, Siege Tank, Hellion x2  
  125  8:49  Supply Depot  
  125  8:51  Supply Depot  
  125  8:53  Terran Vehicle Weapons Level 2  
  125  8:54  Supply Depot  
  125  8:55  Supply Depot  
  125  9:04  SCV  
  125  9:10  Banshee  
  125  9:11  Hellion x2  
  125  9:13  Siege Tank, Hellion x2  
  125  9:16  Siege Tank  
  139  9:32  Hellion x2  
  139  9:34  Hellion  
  145  9:39  Hellion  
  145  9:45  Siege Tank  
  150  9:48  Siege Tank  
  150  9:49  Terran Vehicle And Ship Armor Level 2  
  153  9:54  Hellion x2  
  161  10:07  Hellion x2  
  161  10:09  Orbital Command  
  161  10:11  Command Center  
  158  10:17  Siege Tank  
  158  10:20  Siege Tank  
  161  10:22  Hellion  
  161  10:23  Hellion  
  161  10:26  Banshee  
  168  10:39  Hellion x2  
  168  10:41  Orbital Command x2  
  172  10:44  Hellion  
  172  10:47  SCV  
  172  10:49  Siege Tank  
  178  10:50  Supply Depot  
  178  10:52  Infernal Pre-Igniter, Siege Tank  
  156  11:09  Banshee  
  150  11:13  Supply Depot  
  137  11:21  Siege Tank, Hellion x4  
  137  11:24  Siege Tank  
  151  11:34  Refinery, Supply Depot  
  151  11:35  Refinery  
  151  11:37  Supply Depot  
  135  11:42  Hellion x3  
  135  11:44  Hellion  
  140  11:51  Banshee  
  140  11:53  Siege Tank  
  146  11:57  Siege Tank  
  146  12:01  Supply Depot  
  149  12:03  Hellion  
  149  12:04  Hellion  
  153  12:09  Hellion  
  153  12:10  Hellion  
  157  12:25  Siege Tank, Hellion  
  157  12:26  Hellion  
  157  12:29  Siege Tank  
  167  12:30  Planetary Fortress  
  167  12:31  Hellion  
  169  12:37  Viking  
  168  12:46  Hellion  
  168  12:47  Hellion  
Show
View Real Time Build Order
Export as new Build Order

Seventh Protoss 

Build Orders: 1 Gate Expand, Blink Stalkers 

Get SALT Encoding   

  12  0:01  Probe  
  13  0:13  Probe  
  14  0:17  Pylon  
  14  0:25  Probe  
  15  0:35  Probe  
  15  0:41  Gateway  
  16  0:43  Probe  
  16  0:49  Assimilator  
  17  0:51  Probe  
  18  1:03  Probe  
  19  1:15  Probe  
  20  1:27  Probe  
  20  1:30  Cybernetics Core  
  21  1:40  Nexus  
  21  1:49  Pylon  
  21  1:52  Assimilator  
  22  1:54  Probe  
  22  1:58  Adept  
  22  2:06  Probe  
  25  2:10  Warp Gate  
  25  2:18  Probe  
  26  2:30  Probe  
  26  2:31  Stalker  
  29  2:42  Probe  
  30  2:46  Twilight Council  
  30  2:52  Pylon  
  30  2:54  Probe  
  30  2:55  Probe  
  32  3:06  Probe  
  32  3:07  Probe  
  34  3:19  Probe  
  35  3:20  Pylon, Probe  
  35  3:25  Blink  
  35  3:31  Probe  
  35  3:32  Probe  
  37  3:43  Probe  
  37  3:44  Probe  
  37  3:47  Gateway  
  39  3:48  Gateway  
  39  3:52  Gateway  
  39  3:55  Probe  
  40  3:56  Probe  
  40  3:58  Stalker  
  43  4:06  Gateway  
  43  4:07  Probe  
  43  4:09  Probe  
  45  4:12  Robotics Facility  
  45  4:19  Probe  
  45  4:21  Assimilator  
  45  4:22  Stalker  
  48  4:28  Probe  
  48  4:31  Probe  
  49  4:47  Gateway  
  49  4:49  Immortal  
  49  4:51  Stalker  
  49  4:52  Stalker  
  53  4:57  Probe x2  
  57  5:05  Robotics Bay  
  57  5:08  Forge  
  57  5:18  Assimilator  
  57  5:20  Pylon  
  56  5:24  Observer  
  48  5:40  Probe x2  
  43  5:51  Protoss Ground Weapons Level 1  
  43  5:52  Probe x2  
  45  6:02  Probe x2  
  43  6:10  Probe x2  
  46  6:18  Probe x2  
  46  6:21  Colossus  
  46  6:24  Nexus  
  54  6:25  Pylon  
  54  6:27  Charge  
  54  6:30  Probe x2  
  56  6:42  Probe x2  
  58  6:54  Probe  
  58  6:55  Probe  
  58  7:01  Observer  
  60  7:03  Stalker x3  
  60  7:06  Probe  
  60  7:07  Probe  
  65  7:19  Probe x2  
  67  7:25  Observer  
  66  7:31  Probe x2  
  68  7:40  Pylon, Observer  
  68  7:43  Probe x2  
  71  7:55  Probe x3  
  71  7:56  Protoss Ground Armor Level 1  
  71  7:57  Colossus  
  72  8:03  Probe x3  
  80  8:06  Extended Thermal Lance  
  80  8:10  Zealot x3  
  80  8:12  Probe  
  89  8:13  Probe x2  
  92  8:24  Probe, Gateway  
  92  8:25  Probe x2  
  95  8:37  Probe x2  
  95  8:39  Stalker x2  
  101  8:55  Gateway  
  101  8:56  Pylon  
  101  9:06  Pylon  
  101  9:09  Pylon  
  101  9:10  Pylon  
  101  9:14  Probe x2, Colossus  
  109  9:18  Probe  
  109  9:20  Pylon  
  109  9:23  Pylon  
  104  9:25  Zealot x4  
  104  9:27  Gateway  
  104  9:31  Gateway  
  112  9:32  Gateway  
  112  9:35  Probe  
  109  9:41  Probe  
  91  9:48  Stalker  
  91  9:49  Stalker x3  
  99  10:06  Pylon, Nexus  
  99  10:08  Pylon, Protoss Ground Armor Level 2  
  99  10:09  Cybernetics Core  
  97  10:21  Pylon  
  97  10:23  Pylon  
  97  10:26  Pylon, Observer  
  98  10:29  Pylon  
  98  10:38  Zealot  
  98  10:39  Zealot  
  98  10:42  Pylon  
  102  10:47  Stalker x4  
  96  11:06  Stalker x3  
  88  11:24  Zealot x5  
  96  11:34  Zealot  
  96  11:35  Zealot x2  
  84  11:45  Stalker x4  
  90  11:55  Stalker x3  
  90  11:58  Observer  
  95  12:06  Zealot  
  95  12:08  Zealot x4  
  100  12:29  Stalker  
  99  12:30  Stalker x4  
  106  12:44  Zealot  
  106  12:45  Zealot x2  
  112  12:56  Zealot x2  
  112  12:57  Zealot x3  
  78  13:16  Zealot x3  
Tags
 
Add a new tag
Caveats
  • Supply blocks, unpowered buildings, or Contaminate may cause inaccurate times.
  • Supply counts are checked every 10 seconds.